BSA
CHICAGO MACHINE @ FRESNO DEPLORABLES
08/13/2028
 
TOP OF THE 1ST
Chicago Machine batting - Pitching for Fresno Deplorables : RHP Samuel Émond
Pitching: RHP Samuel Émond
Batting: RHB Pablo Sandoval 0-0: Ball
1-0: SINGLE (Line Drive, 8RS)
Batting: LHB Keng-chi Lao 0-0: Ball
1-0: Called Strike
1-1: Fielders Choice at 2nd, 4-6 (Groundball, 34)
Batting: RHB Doug Stephens 0-0: Ball
Keng-chi Lao is caught stealing 2nd base
1-0: Called Strike
1-1: Swinging Strike
1-2: Ball
2-2: Strikes out looking
Top of the 1st over - 0 run(s), 1 hit(s), 0 error(s), 0 left on base; Chicago 0 - Fresno 0
BOTTOM OF THE 1ST
Fresno Deplorables batting - Pitching for Chicago Machine : RHP Marty Bradford
Pitching: RHP Marty Bradford
Batting: RHB Jared Thompson 0-0: Ball
1-0: Ball
2-0: Called Strike
2-1: Ball
3-1: DOUBLE (Line Drive, 7LM)
Batting: LHB Paul Mullins 0-0: Foul Ball, location: 2F
0-1: Ball
1-1: Foul Ball, location: 2F
1-2: 2-RUN HOME RUN (Line Drive, 7LS), Distance : 327 ft
Batting: LHB Jeff Daniels 0-0: Ball
1-0: Foul Ball, location: 2F
1-1: Called Strike
1-2: Ball
2-2: Ball
3-2: Foul Ball, location: 2F
3-2: Ground out U3 (Groundball, 3)
Batting: LHB Troy Donaldson 0-0: Ball
1-0: Ball
2-0: Ball
3-0: Called Strike
3-1: Called Strike
3-2: Fly out, F8 (Line Drive, 8LM)
Batting: RHB Paco Arellano 0-0: Ball
1-0: SINGLE (Groundball, 5) (infield hit)
Batting: RHB Dani Vázquez 0-0: Swinging Strike
0-1: Foul Ball, location: 2F
0-2: Ball
1-2: Foul Ball, location: 2F
1-2: Foul Ball, location: 2F
1-2: Fielders Choice at 2nd, 4-6 (Groundball, 34)
Bottom of the 1st over - 2 run(s), 3 hit(s), 0 error(s), 0 left on base; Chicago 0 - Fresno 2
TOP OF THE 2ND
Chicago Machine batting - Pitching for Fresno Deplorables : RHP Samuel Émond
Batting: SHB José Alomar 0-0: Called Strike
0-1: Foul Ball, location: 2F
0-2: Strikes out swinging
Batting: RHB Roberto Tobías 0-0: Ball
1-0: Called Strike
1-1: Foul Ball, location: 2F
1-2: Ball
2-2: Ground out U3 (Groundball, 34S)
Batting: SHB Joaquín López 0-0: Called Strike
0-1: Ball
1-1: Swinging Strike
1-2: Foul Ball, location: 2F
1-2: Foul Ball, location: 2F
1-2: Foul Ball, location: 2F
1-2: Strikes out swinging
Top of the 2nd over - 0 run(s), 0 hit(s), 0 error(s), 0 left on base; Chicago 0 - Fresno 2
BOTTOM OF THE 2ND
Fresno Deplorables batting - Pitching for Chicago Machine : RHP Marty Bradford
Batting: RHB António Zúñiga 0-0: Foul Ball, location: 2F
0-1: Ball
1-1: Ball
2-1: SINGLE (Line Drive, 78M)
Batting: RHB Robert Bly 0-0: Foul Ball, location: 2F
0-1: Grounds into double play, 1-4-3 (Groundball, 15S)
Batting: RHB Gabriel Miranda 0-0: Ball
1-0: Ground out 3-1 (Groundball, 23)
Bottom of the 2nd over - 0 run(s), 1 hit(s), 0 error(s), 0 left on base; Chicago 0 - Fresno 2
TOP OF THE 3RD
Chicago Machine batting - Pitching for Fresno Deplorables : RHP Samuel Émond
Batting: RHB Gonzalo Gil 0-0: Ball
1-0: Ground out 6-3 (Groundball, 6S)
Batting: RHB Nick Harris 0-0: Called Strike
0-1: Ball
1-1: Ground out 6-3 (Groundball, 6)
Batting: LHB Tanyu Imai 0-0: Fly out, F7 (Flyball, 78S)
Top of the 3rd over - 0 run(s), 0 hit(s), 0 error(s), 0 left on base; Chicago 0 - Fresno 2
BOTTOM OF THE 3RD
Fresno Deplorables batting - Pitching for Chicago Machine : RHP Marty Bradford
Batting: RHB Jared Thompson 0-0: Ground out 5-3 (Groundball, 56S)
Batting: LHB Paul Mullins 0-0: Ball
1-0: Called Strike
1-1: SOLO HOME RUN (Flyball, 89XD), Distance : 387 ft
Batting: LHB Jeff Daniels 0-0: Swinging Strike
0-1: Foul Ball, location: 2F
0-2: Foul Ball, location: 2F
0-2: Ball
1-2: Strikes out swinging
Batting: LHB Troy Donaldson 0-0: Called Strike
0-1: Ball
1-1: Ball
2-1: Fly out, F7 (Flyball, 7LS)
Bottom of the 3rd over - 1 run(s), 1 hit(s), 0 error(s), 0 left on base; Chicago 0 - Fresno 3
TOP OF THE 4TH
Chicago Machine batting - Pitching for Fresno Deplorables : RHP Samuel Émond
Batting: RHB Pablo Sandoval 0-0: Ball
1-0: Fly out, F3 (Line Drive, 3)
Batting: LHB Keng-chi Lao 0-0: Called Strike
0-1: Swinging Strike
0-2: Fly out, F8 (Line Drive, 8RM)
Batting: RHB Doug Stephens 0-0: Ball
1-0: Ball
2-0: Called Strike
2-1: Ball
3-1: SINGLE (Groundball, 34D)
Batting: SHB José Alomar 0-0: Swinging Strike
0-1: Called Strike
0-2: Ball
1-2: Strikes out swinging
Top of the 4th over - 0 run(s), 1 hit(s), 0 error(s), 1 left on base; Chicago 0 - Fresno 3
BOTTOM OF THE 4TH
Fresno Deplorables batting - Pitching for Chicago Machine : RHP Marty Bradford
Batting: RHB Paco Arellano 0-0: Called Strike
0-1: Foul Ball, location: 2F
0-2: Foul Ball, location: 2F
0-2: Foul Ball, location: 2F
0-2: Foul Ball, location: 2F
0-2: Foul Ball, location: 2F
0-2: SINGLE (Flyball, 8RS)
Batting: RHB Dani Vázquez 0-0: Called Strike
0-1: Called Strike
0-2: SINGLE (Line Drive, 6M)
Paco Arellano to second
Batting: RHB António Zúñiga 0-0: Ball
1-0: Ball
2-0: Foul Ball, location: 2F
2-1: Ball
3-1: Swinging Strike
3-2: Foul Ball, location: 2F
3-2: Grounds into double play, 6-4-3 (Groundball, 6)
Paco Arellano to third
Batting: RHB Robert Bly 0-0: Ball
1-0: Called Strike
1-1: SINGLE (Line Drive, 6)
Paco Arellano scores
Batting: RHB Gabriel Miranda 0-0: Called Strike
0-1: Called Strike
0-2: DOUBLE (Line Drive, 7LM)
Robert Bly to third
Runner from 3rd tries for Home, SAFE, throw made home
Batting: RHB Jared Thompson 0-0: Called Strike
0-1: Ball
1-1: Ball
2-1: Ball
3-1: Ground out 5-3 (Groundball, 56)
Bottom of the 4th over - 2 run(s), 4 hit(s), 0 error(s), 1 left on base; Chicago 0 - Fresno 5
TOP OF THE 5TH
Chicago Machine batting - Pitching for Fresno Deplorables : RHP Samuel Émond
Batting: RHB Roberto Tobías 0-0: Ball
1-0: Swinging Strike
1-1: Swinging Strike
1-2: Strikes out swinging
Batting: SHB Joaquín López 0-0: Called Strike
0-1: Swinging Strike
0-2: Ball
1-2: Ball
2-2: Strikes out swinging
Batting: RHB Gonzalo Gil 0-0: Hit by Pitch
Batting: RHB Nick Harris Balk!
Gonzalo Gil to second
0-0: Ball
1-0: Ball
2-0: Ball
3-0: Base on Balls
Batting: LHB Tanyu Imai 0-0: Called Strike
0-1: Fly out, F9 (Flyball, 9LM)
Top of the 5th over - 0 run(s), 0 hit(s), 0 error(s), 2 left on base; Chicago 0 - Fresno 5
BOTTOM OF THE 5TH
Fresno Deplorables batting - Pitching for Chicago Machine : RHP Marty Bradford
Batting: LHB Paul Mullins 0-0: SINGLE (Flyball, 7S)
Batting: LHB Jeff Daniels 0-0: Foul Ball, location: 2F
0-1: Swinging Strike
0-2: Ball
1-2: Foul Ball, location: 2F
1-2: Foul Ball, location: 2F
1-2: Strikes out looking
Batting: LHB Troy Donaldson 0-0: Fielders Choice at 2nd, 3-6 (Groundball, 34)
Batting: RHB Paco Arellano 0-0: 2-RUN HOME RUN (Flyball, 9D), Distance : 347 ft
Pitching: RHP Chris Mitchell
Batting: RHB Dani Vázquez 0-0: Called Strike
0-1: Ground out 4-3 (Groundball, 4)
Bottom of the 5th over - 2 run(s), 2 hit(s), 0 error(s), 0 left on base; Chicago 0 - Fresno 7
TOP OF THE 6TH
Chicago Machine batting - Pitching for Fresno Deplorables : RHP Samuel Émond
Batting: RHB Pablo Sandoval 0-0: Called Strike
0-1: Ball
1-1: Fly out, F8 (Flyball, 8LS)
Batting: LHB Keng-chi Lao 0-0: Ball
1-0: Ground out 4-3 (Groundball, 34)
Batting: RHB Doug Stephens 0-0: Foul Ball, location: 2F
0-1: Fly out, F8 (Flyball, 8LS)
Top of the 6th over - 0 run(s), 0 hit(s), 0 error(s), 0 left on base; Chicago 0 - Fresno 7
BOTTOM OF THE 6TH
Fresno Deplorables batting - Pitching for Chicago Machine : RHP Chris Mitchell
Batting: RHB António Zúñiga 0-0: Ball
1-0: Called Strike
1-1: Called Strike
1-2: Ball
2-2: Ball
3-2: Ground out 6-3 (Groundball, 6)
Batting: RHB Robert Bly 0-0: Ball
1-0: Foul Ball, location: 2F
1-1: Swinging Strike
1-2: Ball
2-2: Ball
3-2: Strikes out looking
Batting: RHB Gabriel Miranda 0-0: Fly out, F5 (Popup, 56)
Bottom of the 6th over - 0 run(s), 0 hit(s), 0 error(s), 0 left on base; Chicago 0 - Fresno 7
TOP OF THE 7TH
Chicago Machine batting - Pitching for Fresno Deplorables : RHP Samuel Émond
Batting: SHB José Alomar 0-0: Fly out, F8 (Flyball, 78M)
Batting: RHB Roberto Tobías 0-0: Ball
1-0: SINGLE (Line Drive, 9S)
Batting: SHB Joaquín López 0-0: Fielders Choice at 2nd, 3-6 (Groundball, 34)
Batting: RHB Gonzalo Gil 0-0: Fly out, F8 (Flyball, 8LS)
Top of the 7th over - 0 run(s), 1 hit(s), 0 error(s), 1 left on base; Chicago 0 - Fresno 7
BOTTOM OF THE 7TH
Fresno Deplorables batting - Pitching for Chicago Machine : RHP Chris Mitchell
Batting: RHB Jared Thompson 0-0: Foul Ball, location: 2F
0-1: Foul Ball, location: 2F
0-2: Foul Ball, location: 2F
0-2: Ball
1-2: Ball
2-2: Ball
3-2: Strikes out swinging
Batting: LHB Paul Mullins 0-0: Called Strike
0-1: Foul Ball, location: 2F
0-2: Ball
1-2: Ball
2-2: Ball
3-2: Foul Ball, location: 2F
3-2: Base on Balls
Batting: LHB Jeff Daniels 0-0: Called Strike
0-1: Called Strike
0-2: Foul Ball, location: 2F
0-2: Foul Ball, location: 2F
0-2: Ball
1-2: Strikes out swinging
Batting: LHB Troy Donaldson 0-0: Fly out, F7 (Line Drive, 7)
Bottom of the 7th over - 0 run(s), 0 hit(s), 0 error(s), 1 left on base; Chicago 0 - Fresno 7
TOP OF THE 8TH
Chicago Machine batting - Pitching for Fresno Deplorables : RHP Samuel Émond
Batting: RHB Nick Harris 0-0: Ground out 3-1 (Groundball, 34)
Batting: LHB Tanyu Imai 0-0: Foul Ball, location: 2F
0-1: DOUBLE (Line Drive, 9LD)
Batting: RHB Pablo Sandoval 0-0: Fly out, F9 (Flyball, 9LS)
Batting: LHB Keng-chi Lao 0-0: Swinging Strike
0-1: Fly out, F4 (Popup, 4MD)
Top of the 8th over - 0 run(s), 1 hit(s), 0 error(s), 1 left on base; Chicago 0 - Fresno 7
BOTTOM OF THE 8TH
Fresno Deplorables batting - Pitching for Chicago Machine : RHP Chris Mitchell
Batting: RHB Paco Arellano 0-0: Ball
1-0: Ball
2-0: Ball
3-0: Base on Balls
Batting: RHB Dani Vázquez 0-0: Foul Ball, location: 2F
0-1: Ball
1-1: Swinging Strike
1-2: Fly out, F7 (Line Drive, 78S)
Pinch Hitting: RHB Peter Hensley 0-0: Foul Ball, location: 2F
0-1: Ball
1-1: Ball
2-1: Foul Ball, location: 2F
2-2: Ball
3-2: Ground out 5-3 (Groundball, 56S)
Paco Arellano to second
Batting: RHB Robert Bly 0-0: Called Strike
0-1: Ball
1-1: Fly out, F5 (Line Drive, 56D)
Bottom of the 8th over - 0 run(s), 0 hit(s), 0 error(s), 1 left on base; Chicago 0 - Fresno 7
TOP OF THE 9TH
Chicago Machine batting - Pitching for Fresno Deplorables : RHP Samuel Émond
Now in LF: Peter Hensley
Batting: RHB Doug Stephens 0-0: Ball
1-0: Fly out, F9 (Flyball, 9S)
Batting: SHB José Alomar 0-0: Foul Ball, location: 2F
0-1: Ball
1-1: SOLO HOME RUN (Flyball, 9D), Distance : 364 ft
Batting: RHB Roberto Tobías 0-0: Ball
1-0: Called Strike
1-1: Foul Ball, location: 2F
1-2: Foul Ball, location: 2F
1-2: Foul Ball, location: 2F
1-2: Fly out, F6 (Flyball, 6MD)
Pitching: RHP César Menéndez
Batting: SHB Joaquín López 0-0: Foul Ball, location: 2F
0-1: Ball
1-1: Foul Ball, location: 2F
1-2: Ball
2-2: Ball
3-2: Base on Balls
Batting: RHB Gonzalo Gil 0-0: Ball
1-0: Ball
2-0: Foul Ball, location: 2F
2-1: Called Strike
2-2: Ball
3-2: Base on Balls
Joaquín López to second
Batting: RHB Nick Harris 0-0: Ball
1-0: Ball
2-0: Called Strike
2-1: Ball
3-1: Base on Balls
Joaquín López to third
Gonzalo Gil to second
Batting: LHB Tanyu Imai 0-0: Called Strike
0-1: Ball
1-1: Foul Ball, location: 2F
1-2: Strikes out looking
Top of the 9th over - 1 run(s), 1 hit(s), 0 error(s), 3 left on base; Chicago 1 - Fresno 7
Tuesday, August 8th, 2017 - OOTP Baseball 17.12 Build 75